DBL
LOS ANGELES DODGERS @ SAN DIEGO PADRES
06/29/1997
 
TOP OF THE 1ST
Los Angeles Dodgers batting - Pitching for San Diego Padres : LHP Pete Schourek
Pitching: LHP Pete Schourek
Batting: RHB Brian L Hunter 0-0: Called Strike
0-1: Ball
1-1: Foul Ball, location: 2F
1-2: Foul Ball, location: 2F
1-2: Ball
2-2: SINGLE (Groundball, 3D, EV 104.4 MPH)
Batting: RHB Homer Bush 0-0: Ball
1-0: Called Strike
1-1: Ball
2-1: SINGLE (Flyball, 9LS, EV 95.6 MPH)
Brian L Hunter to second
Runner from 2nd tries for 3rd, OUT! 9-5
Batting: LHB Ryan Klesko 0-0: Called Strike
0-1: Ball
1-1: Called Strike
1-2: Ball
2-2: Foul Ball, location: 2F
2-2: Foul Ball, location: 2F
2-2: Fielders Choice at 2nd, 3-6 (Groundball, 3, EV 98.1 MPH)
Batting: RHB Torii Hunter 0-0: Fly out, F9 (Flyball, 9S, EV 85.0 MPH)
Top of the 1st over - 0 runs, 2 hits, 0 errors, 1 left on base; Los Angeles 0 - San Diego 0
BOTTOM OF THE 1ST
San Diego Padres batting - Pitching for Los Angeles Dodgers : RHP Ugueth Urbina
Pitching: RHP Ugueth Urbina
Batting: RHB Carlos Quintana 0-0: Ball
1-0: Fly out, F7 (Flyball, 7S, EV 91.3 MPH)
Batting: LHB Dave Magadan 0-0: Ground out U3 (Groundball, 34, EV 110.0 MPH)
Batting: RHB Manny Ramirez 0-0: SINGLE (Flyball, 34D, EV 97.5 MPH)
Batting: LHB Ed Taubensee 0-0: Ball
1-0: Ground out 1-3 (Groundball, 34S, EV 79.4 MPH)
Bottom of the 1st over - 0 runs, 1 hit, 0 errors, 1 left on base; Los Angeles 0 - San Diego 0
TOP OF THE 2ND
Los Angeles Dodgers batting - Pitching for San Diego Padres : LHP Pete Schourek
Batting: RHB Joe Randa 0-0: Ball
1-0: Called Strike
1-1: Ball
2-1: Fly out, F6 (Line Drive, 6, EV 67.5 MPH)
Batting: LHB Rafael Palmeiro 0-0: Ball
1-0: Ground out U3 (Groundball, 34S, EV 88.8 MPH)
Batting: SHB Jason Varitek 0-0: Ball
1-0: Ball
2-0: Ground out 6-3 (Groundball, 6M, EV 83.8 MPH)
Top of the 2nd over - 0 runs, 0 hits, 0 errors, 0 left on base; Los Angeles 0 - San Diego 0
BOTTOM OF THE 2ND
San Diego Padres batting - Pitching for Los Angeles Dodgers : RHP Ugueth Urbina
Batting: RHB Vinny Castilla 0-0: Ball
1-0: Ball
2-0: Foul Ball, location: 2F
2-1: SOLO HOME RUN (Flyball, 78XD, EV 86.9 MPH), Distance : 394 ft
Batting: RHB Geronimo Berroa 0-0: Called Strike
0-1: Ball
1-1: Ball
2-1: Swinging Strike
2-2: Fly out, F7 (Flyball, 7, EV 94.4 MPH)
Batting: LHB Jim Edmonds 0-0: Ball
1-0: Ball
2-0: DOUBLE (Line Drive, 7LS, EV 93.8 MPH)
Batting: RHB Jose Canseco 0-0: Foul Ball, location: 2F
0-1: Called Strike
0-2: Foul Ball, location: 2F
0-2: Strikes out swinging
Batting: SHB Manuel Lee 0-0: 2-RUN HOME RUN (Flyball, 9LD, EV 98.1 MPH), Distance : 353 ft
Batting: RHB Carlos Quintana 0-0: Ball
1-0: Ball
2-0: Ground out 4-3 (Groundball, 4M, EV 98.8 MPH)
Bottom of the 2nd over - 3 runs, 3 hits, 0 errors, 0 left on base; Los Angeles 0 - San Diego 3
TOP OF THE 3RD
Los Angeles Dodgers batting - Pitching for San Diego Padres : LHP Pete Schourek
Batting: LHB Derrick May 0-0: Called Strike
0-1: Ground out 4-3 (Groundball, 4, EV 102.5 MPH)
Batting: SHB Jerry Browne 0-0: Ball
1-0: Called Strike
1-1: Ball
2-1: Foul Ball, location: 2F
2-2: Foul Ball, location: 2F
2-2: Fly out, F8 (Flyball, 78M, EV 83.8 MPH)
Batting: RHB Brian L Hunter 0-0: Foul Ball, location: 2F
0-1: Foul Ball, location: 2F
0-2: Ball
1-2: Foul Ball, location: 2F
1-2: Foul Ball, location: 2F
1-2: Ball
2-2: Ground out 5-3 (Groundball, 56S, EV 83.1 MPH)
Top of the 3rd over - 0 runs, 0 hits, 0 errors, 0 left on base; Los Angeles 0 - San Diego 3
BOTTOM OF THE 3RD
San Diego Padres batting - Pitching for Los Angeles Dodgers : RHP Ugueth Urbina
Batting: LHB Dave Magadan 0-0: Ball
1-0: Foul Ball, location: 2F
1-1: Ball
2-1: Reached on error, E6 (Groundball, 56, EV 103.1 MPH)
Batting: RHB Manny Ramirez 0-0: Called Strike
0-1: Foul Ball, location: 2F
0-2: Foul Ball, location: 2F
0-2: Ball
1-2: Foul Ball, location: 2F
1-2: Foul Ball, location: 2F
1-2: Ball
2-2: SINGLE (Groundball, 4MD, EV 99.4 MPH)
Dave Magadan to third
Runner from 3rd tries for Home, SAFE, throw by CF to home
Batting: LHB Ed Taubensee 0-0: Ball
1-0: Ball
2-0: Ball
3-0: Base on Balls
Manny Ramirez to second
Batting: RHB Vinny Castilla 0-0: Ball
1-0: Called Strike
1-1: Foul Ball, location: 2F
1-2: Ball
2-2: SINGLE (Line Drive, 9S, EV 106.3 MPH)
Manny Ramirez to third
Ed Taubensee to second
Batting: RHB Geronimo Berroa 0-0: Ground out 4-3 (Groundball, 4S, EV 83.8 MPH)
Manny Ramirez scores
Ed Taubensee to third
Vinny Castilla to second
Batting: LHB Jim Edmonds 0-0: Called Strike
0-1: Ball
Wild Pitch!
Ed Taubensee scores
Vinny Castilla to third
1-1: Called Strike
1-2: Foul Ball, location: 2F
1-2: Ball
2-2: Foul Ball, location: 2F
2-2: Strikes out looking
Batting: RHB Jose Canseco 0-0: Called Strike
0-1: Ball
1-1: Ground out 5-3 (Groundball, 56, EV 88.1 MPH)
Bottom of the 3rd over - 3 runs, 2 hits, 1 error, 1 left on base; Los Angeles 0 - San Diego 6
TOP OF THE 4TH
Los Angeles Dodgers batting - Pitching for San Diego Padres : LHP Pete Schourek
Batting: RHB Homer Bush 0-0: Swinging Strike
0-1: Swinging Strike
0-2: Strikes out swinging
Batting: LHB Ryan Klesko 0-0: Foul Ball, location: 2F
0-1: Swinging Strike
0-2: Foul Ball, location: 2F
0-2: Ball
1-2: Ball
2-2: Strikes out swinging
Batting: RHB Torii Hunter 0-0: Ball
1-0: Called Strike
1-1: Ball
2-1: Called Strike
2-2: Strikes out looking
Top of the 4th over - 0 runs, 0 hits, 0 errors, 0 left on base; Los Angeles 0 - San Diego 6
BOTTOM OF THE 4TH
San Diego Padres batting - Pitching for Los Angeles Dodgers : RHP Ugueth Urbina
Batting: SHB Manuel Lee 0-0: Called Strike
0-1: Fly out, F7 (Flyball, 78M, EV 94.4 MPH)
Batting: RHB Carlos Quintana 0-0: Called Strike
0-1: Ball
1-1: Swinging Strike
1-2: Strikes out looking
Batting: LHB Dave Magadan 0-0: Ball
1-0: Ball
2-0: Foul Ball, location: 2F
2-1: Ground out 6-3 (Groundball, 6, EV 103.8 MPH)
Bottom of the 4th over - 0 runs, 0 hits, 0 errors, 0 left on base; Los Angeles 0 - San Diego 6
TOP OF THE 5TH
Los Angeles Dodgers batting - Pitching for San Diego Padres : LHP Pete Schourek
Batting: RHB Joe Randa 0-0: Called Strike
0-1: Ball
1-1: Swinging Strike
1-2: Strikes out looking
Batting: LHB Rafael Palmeiro 0-0: Swinging Strike
0-1: Foul Ball, location: 2F
0-2: Ball
1-2: Foul Ball, location: 2F
1-2: Fly out, F9 (Line Drive, 9D, EV 97.5 MPH)
Batting: SHB Jason Varitek 0-0: DOUBLE (Line Drive, 89XD, EV 104.4 MPH)
Batting: LHB Derrick May 0-0: Ball
1-0: Fly out, F7 (Flyball, 78M, EV 96.9 MPH)
Top of the 5th over - 0 runs, 1 hit, 0 errors, 1 left on base; Los Angeles 0 - San Diego 6
BOTTOM OF THE 5TH
San Diego Padres batting - Pitching for Los Angeles Dodgers : RHP Ugueth Urbina
Batting: RHB Manny Ramirez 0-0: Foul Ball, location: 2F
0-1: Ball
1-1: Ball
2-1: Foul Ball, location: 2F
2-2: SOLO HOME RUN (Flyball, 9LD, EV 95.0 MPH), Distance : 338 ft
Pitching: LHP Bill Pulsipher
Batting: LHB Ed Taubensee 0-0: Called Strike
0-1: Ball
1-1: Foul Ball, location: 2F
1-2: Strikes out looking
Batting: RHB Vinny Castilla 0-0: Ball
1-0: Called Strike
1-1: Foul Ball, location: 2F
1-2: Ball
2-2: SINGLE (Line Drive, 9S, EV 91.3 MPH)
Batting: RHB Geronimo Berroa 0-0: Called Strike
0-1: Ball
1-1: Swinging Strike
1-2: Foul Ball, location: 2F
1-2: Fly out, F4 (Flyball, 34D, EV 94.4 MPH)
Batting: LHB Jim Edmonds 0-0: Called Strike
0-1: Ball
1-1: Ball
2-1: Swinging Strike
2-2: Foul Ball, location: 2F
2-2: Strikes out swinging
Bottom of the 5th over - 1 run, 2 hits, 0 errors, 1 left on base; Los Angeles 0 - San Diego 7
TOP OF THE 6TH
Los Angeles Dodgers batting - Pitching for San Diego Padres : LHP Pete Schourek
Batting: SHB Jerry Browne 0-0: Ball
1-0: Ground out 4-3 (Groundball, 4, EV 83.1 MPH)
Batting: RHB Brian L Hunter 0-0: Called Strike
0-1: Ball
1-1: Ball
2-1: SINGLE (Groundball, 4MD, EV 96.3 MPH)
Batting: RHB Homer Bush 0-0: Ball
1-0: Ball
2-0: Foul Ball, location: 2F
2-1: Called Strike
2-2: Foul Ball, location: 2F
2-2: Ground out 5-3 (Groundball, 56S, EV 69.4 MPH)
Brian L Hunter to second
Batting: LHB Ryan Klesko 0-0: Ball
1-0: Swinging Strike
1-1: Ball
2-1: Foul Ball, location: 2F
2-2: Ball
3-2: Strikes out swinging
Top of the 6th over - 0 runs, 1 hit, 0 errors, 1 left on base; Los Angeles 0 - San Diego 7
BOTTOM OF THE 6TH
San Diego Padres batting - Pitching for Los Angeles Dodgers : LHP Bill Pulsipher
Batting: RHB Jose Canseco 0-0: Ball
1-0: Foul Ball, location: 2F
1-1: Fly out, F5 (Popup, 5DF, EV 61.3 MPH)
Batting: SHB Manuel Lee 0-0: Swinging Strike
0-1: Foul Ball, location: 2F
0-2: Ground out 5-3 (Groundball, 56S, EV 88.8 MPH)
Batting: RHB Carlos Quintana 0-0: Ball
1-0: Ground out 4-3 (Groundball, 4, EV 103.8 MPH)
Bottom of the 6th over - 0 runs, 0 hits, 0 errors, 0 left on base; Los Angeles 0 - San Diego 7
TOP OF THE 7TH
Los Angeles Dodgers batting - Pitching for San Diego Padres : LHP Pete Schourek
Batting: RHB Torii Hunter 0-0: Foul Ball, location: 2F
0-1: Fly out, F9 (Flyball, 9LM, EV 87.5 MPH)
Batting: RHB Joe Randa 0-0: Called Strike
0-1: Ball
1-1: Foul Ball, location: 2F
1-2: Foul Ball, location: 2F
1-2: Foul Ball, location: 2F
1-2: DOUBLE (Flyball, 78D, EV 101.3 MPH)
Batting: LHB Rafael Palmeiro 0-0: Foul Ball, location: 2F
0-1: Fly out, F3 (Line Drive, 3, EV 70.6 MPH)
Batting: SHB Jason Varitek 0-0: Called Strike
0-1: Foul Ball, location: 2F
0-2: Strikes out swinging
Top of the 7th over - 0 runs, 1 hit, 0 errors, 1 left on base; Los Angeles 0 - San Diego 7
BOTTOM OF THE 7TH
San Diego Padres batting - Pitching for Los Angeles Dodgers : LHP Bill Pulsipher
Batting: LHB Dave Magadan 0-0: Ball
1-0: Ball
2-0: Swinging Strike
2-1: Foul Ball, location: 2F
2-2: DOUBLE (Groundball, 3L, EV 93.8 MPH)
Batting: RHB Manny Ramirez 0-0: Fly out, F4 (Popup, 34, EV 70.0 MPH)
Batting: LHB Ed Taubensee 0-0: Ball
1-0: Called Strike
1-1: Ball
2-1: Ball
Passed Ball!
Dave Magadan to third
3-1: Called Strike
3-2: Strikes out swinging
Batting: RHB Vinny Castilla 0-0: Ball
1-0: Ball
2-0: Ground out 5-3 (Groundball, 56S, EV 77.5 MPH)
Bottom of the 7th over - 0 runs, 1 hit, 0 errors, 1 left on base; Los Angeles 0 - San Diego 7
TOP OF THE 8TH
Los Angeles Dodgers batting - Pitching for San Diego Padres : LHP Pete Schourek
Now at C: Matt Walbeck
Now at 2B: Craig Grebeck
Now in LF: Jeff Conine
Batting: LHB Derrick May 0-0: Ball
1-0: Foul Ball, location: 2F
1-1: Called Strike
1-2: Ball
2-2: Ground out 4-3 (Groundball, 4, EV 88.8 MPH)
Batting: SHB Jerry Browne 0-0: Ball
1-0: Ball
2-0: Foul Ball, location: 2F
2-1: Foul Ball, location: 2F
2-2: Ball
3-2: Base on Balls
Pitching: RHP Stan Belinda
Batting: RHB Brian L Hunter 0-0: Called Strike
0-1: Ball
1-1: Swinging Strike
1-2: Ball
2-2: Foul Ball, location: 2F
2-2: Foul Ball, location: 2F
2-2: Foul Ball, location: 2F
2-2: Foul Ball, location: 2F
2-2: SINGLE (Line Drive, 8LS, EV 87.5 MPH)
Jerry Browne to second
Batting: RHB Homer Bush 0-0: Called Strike
0-1: Ball
1-1: Swinging Strike
1-2: Strikes out swinging
Batting: LHB Ryan Klesko 0-0: Ball
1-0: Foul Ball, location: 2F
1-1: Swinging Strike
1-2: Foul Ball, location: 2F
1-2: Ball
2-2: Ball
3-2: Foul Ball, location: 2F
3-2: Base on Balls
Jerry Browne to third
Brian L Hunter to second
Batting: RHB Torii Hunter 0-0: Ball
1-0: Ball
2-0: Called Strike
2-1: Ball
3-1: Foul Ball, location: 2F
3-2: Foul Ball, location: 2F
3-2: DOUBLE (Line Drive, 7LM, EV 110.0 MPH)
Jerry Browne scores
Brian L Hunter scores
Ryan Klesko to third
Ryan Klesko scores
Batting: RHB Joe Randa 0-0: Ball
1-0: Called Strike
1-1: Ball
2-1: Ball
3-1: Ground out 5-3 (Groundball, 5, EV 85.0 MPH)
Top of the 8th over - 3 runs, 2 hits, 0 errors, 1 left on base; Los Angeles 3 - San Diego 7
BOTTOM OF THE 8TH
San Diego Padres batting - Pitching for Los Angeles Dodgers : LHP Bill Pulsipher
Batting: RHB Geronimo Berroa 0-0: Fly out, F9 (Flyball, 9LM, EV 80.6 MPH)
Batting: LHB Jim Edmonds 0-0: Ball
1-0: Foul Ball, location: 2F
1-1: Ground out 3-1 (Groundball, 34, EV 83.8 MPH)
Batting: RHB Jeff Conine 0-0: Foul Ball, location: 2F
0-1: Swinging Strike
0-2: Ball
1-2: Foul Ball, location: 2F
1-2: Ball
2-2: Strikes out looking
Bottom of the 8th over - 0 runs, 0 hits, 0 errors, 0 left on base; Los Angeles 3 - San Diego 7
TOP OF THE 9TH
Los Angeles Dodgers batting - Pitching for San Diego Padres : RHP Stan Belinda
Batting: LHB Rafael Palmeiro 0-0: Foul Ball, location: 2F
0-1: SOLO HOME RUN (Flyball, 9LD, EV 100.0 MPH), Distance : 338 ft
Pitching: RHP Robb Nen
Batting: SHB Jason Varitek 0-0: Called Strike
0-1: Ball
1-1: Called Strike
1-2: Fly out, F7 (Line Drive, 7D, EV 93.1 MPH)
Batting: LHB Derrick May 0-0: Swinging Strike
0-1: Ball
1-1: Ball
2-1: SINGLE (Groundball, 34S, EV 88.8 MPH) (infield hit)
Batting: SHB Jerry Browne 0-0: Reached on error, E4 (Groundball, 34D, EV 91.3 MPH)
Derrick May to third
Batting: RHB Brian L Hunter 0-0: Ground out 4-3 (Groundball, 4, EV 83.1 MPH)
Derrick May scores
Jerry Browne to third
Batting: RHB Homer Bush 0-0: Swinging Strike
0-1: Ball
1-1: Foul Ball, location: 2F
1-2: Foul Ball, location: 2F
1-2: Strikes out swinging
Top of the 9th over - 2 runs, 2 hits, 1 error, 1 left on base; Los Angeles 5 - San Diego 7
Tuesday, March 3rd, 2026 - OOTP Baseball 20.8 Build 74